cohdb
Replays
Latest Replays
All Replays
Popular Replays
Top Player Replays
Match Explorer
How It Works
Community
CoH3 Stats
Reddit
Sign in to upload your games and track your stats! →
Sign in with Steam
Match 40658217
Unlisted
Match 40658217
Overview
Messages
Build Orders
End
Selects Airborne Battlegroup
Selects Airborne Battlegroup
Selects Heavy Machine Gun Paradrop
Construct Barracks
Heavy Machine Gun Paradrop
1⁄4-ton 4x4 Truck
Riflemen Squad
Riflemen Squad
Selects Paratrooper Squad Paradrop
Paratrooper Squad Paradrop
Air Support Center
Construct Medical Station
Grasshopper Recon Run
Selects Smoke Bombing Run
P-47 Strafing Run
Construct Motor Pool
Paratrooper Squad Paradrop
Grasshopper Recon Run
P-47 Strafing Run
M24 Chaffee Light Tank
Selects Anti-tank Gun Team Paradrop
Anti-tank Gun Team Paradrop
AI Takeover
Deathscythe
泰
ronalfan
vonAJ
jack.lee
the.dolfini
大炮一响黄金万两
bigridge69
0
0
Comments
sign in to comment!
No comments posted yet!